 Dungeon Crawl Stone Soup version 0.31-a0-441-g867994ef1c (webtiles) character file.

Game seed: 2117741395591138780

248784 Shard1697 the Hand of Fortune (level 18, -1/143 HPs)
             Began as a Demonspawn Artificer on Aug 2, 2023.
             Was the Champion of Nemelex Xobeh.
             Killed from afar by an ironbound thunderhulk (35 damage)
             ... with a bolt of lightning
             ... on level 2 of the Vaults.
             The game lasted 01:12:19 (43104 turns).

Shard1697 the Hand of Fortune (DsAr)               Turns: 43104, Time: 01:12:20

Health: -1/143     AC: 50    Str: 23    XL:     18   Next: 86%
Magic:  30/30      EV: 15    Int: 13    God:    Nemelex Xobeh [******]
Gold:   1831       SH: 23    Dex: 20    Spells: 17/17 levels left

rFire   . . .        a - +5 morningstar (heavy)
rCold   . . .        Q - +2 tower shield {AC+3}
rNeg    + + .        s - +4 plate armour {rN+}
rPois   .            w - +1 helmet
rElec   .            c - +1 cloak of Starlight {*Dazzle EV+4 Stlth--}
rCorr   .            S - +2 pair of gloves {Str+3}
SInv    +            M - +2 pair of boots
Will    +....        K - macabre finger necklace {Finger+ rN+} Stlth
                     I - +6 ring of dexterity
HPRegen 0.43/turn    O - +4 ring of protection
MPRegen 0.22/turn    U - ring of see invisible

%: no passive effects
@: sanguine armoured
A: hooves 2, foul stench 3, spiny 1, sanguine armour 3
}: 2/15 runes: decaying, serpentine
a: Renounce Religion, Draw Escape, Draw Destruction, Draw Summoning, Triple
Draw, Deal Four, Stack Five


You were on level 2 of the Vaults.
You worshipped Nemelex Xobeh.
Nemelex Xobeh was exalted by your worship.
You visited 7 branches of the dungeon, and saw 33 of its levels.
You visited the Abyss 1 time.
You also visited: Sewer.

You collected 4003 gold pieces.
You spent 2172 gold pieces at shops.

Inventory:

Hand Weapons
 a - a +5 heavy morningstar (weapon)
 b - a +0 broad axe
 X - a +8 vampiric flail
Armour
 c - the +1 cloak of Starlight (worn) {*Dazzle EV+4 Stlth--}
   (You bought it in a shop on level 2 of the Orcish Mines)

   *Dazzle:   It may blind those who miss an attack against the wearer in melee
   combat.
   EV:        It affects your evasion (+4).
   Stlth:     It makes you much less stealthy.
 j - a +1 chain mail of cold resistance
 s - a +4 plate armour of positive energy (worn)
 w - a +1 helmet (worn)
 G - a +1 tower shield of poison resistance
 M - a +2 pair of boots (worn)
 Q - a +2 tower shield of protection (worn)
 S - a +2 pair of gloves of strength (worn)
Jewellery
 A - a ring of resist corrosion
 I - a +6 ring of dexterity (left hand)
 K - the macabre finger necklace (around neck) {Finger+ rN+}
   (You found it on level 5 of the Lair of Beasts)

   [amulet of nothing]

   Finger+:   It enables you to equip an extra ring.
   rN:        It protects you from negative energy.
 O - a +4 ring of protection (right hand)
 U - a ring of see invisible (on amulet)
Wands
 t - a wand of mindburst (14)
 C - a wand of polymorph (19)
 E - a wand of light (22)
 L - a wand of digging (12)
 T - a wand of roots (22)
 V - a wand of paralysis (10)
 Y - a wand of flame (17)
Scrolls
 f - 3 scrolls of fear
 g - 24 scrolls of identify
 h - 13 scrolls of teleportation
 l - 4 scrolls of blinking
 m - 4 scrolls of revelation
 o - 5 scrolls of vulnerability
 r - 7 scrolls of amnesia
 y - 3 scrolls of fog
 B - 3 scrolls of poison
 H - 5 scrolls of silence
 N - a scroll of brand weapon
Potions
 d - 4 potions of might
 e - 16 potions of curing
 i - 2 potions of ambrosia
 n - 4 potions of haste
 p - 4 potions of magic
 q - 8 potions of mutation
 u - 4 potions of lignification
 x - 2 potions of invisibility
 z - 3 potions of brilliance
 F - 4 potions of attraction
 J - 5 potions of enlightenment
 R - a potion of resistance
Miscellaneous
 v - a lightning rod (1/4)


   Skills:
 - Level 13.2 Fighting
 - Level 16.0 Maces & Flails
 - Level 11.0 Armour
 - Level 9.5 Dodging
 - Level 6.0 Stealth
 - Level 15.6 Shields
 - Level 16.6 Invocations
 + Level 9.7 Evocations


You had 17 spell levels left.
You didn't know any spells.
Your spell library contained the following spells:

 Spells                   Type           Power      Damage    Failure   Level
 Apportation              Tloc           0%         N/A       100%        1
 Freeze                   Ice            0%         1d3       100%        1
 Kiss of Death            Conj/Necr      0%         2d5       100%        1
 Necrotise                Necr           0%         1d4       100%        1
 Slow                     Hex            0%         N/A       100%        1
 Sting                    Tmut/Pois      0%         1d3       100%        1
 Summon Small Mammal      Summ           0%         N/A       100%        1
 Cigotuvi's Dreadful Rot  Necr/Pois/Air  0%         N/A       100%        2
 Ensorcelled Hibernation  Hex/Ice        0%         N/A       100%        2
 Lesser Beckoning         Tloc           0%         N/A       100%        2
 Passwall                 Tmut/Erth      0%         N/A       100%        2
 Poisonous Vapours        Pois/Air       0%         N/A       100%        2
 Scorch                   Fire           0%         2d5       100%        2
 Confusing Touch          Hex            0%         N/A       100%        3
 Dazzling Flash           Conj/Hex       0%         N/A       100%        3
 Frozen Ramparts          Ice            0%         1d1       100%        3
 Gell's Gravitas          Tloc           0%         N/A       100%        3
 Hailstorm                Conj/Ice       0%         3d3       100%        3
 Ignite Poison            Fire/Tmut/Pois 0%         N/A       100%        3
 Inner Flame              Hex/Fire       0%         N/A       100%        3
 Mephitic Cloud           Conj/Pois/Air  0%         N/A       100%        3
 Swiftness                Air            0%         N/A       100%        3
 Teleport Other           Tloc           0%         N/A       100%        3
 Vampiric Draining        Necr           0%         2d6       100%        3
 Animate Armour           Summ/Erth      0%         N/A       100%        4
 Dispel Undead            Necr           0%         3d6       100%        4
 Flame Wave               Conj/Fire      0%         2d4       100%        4
 Olgreb's Toxic Radiance  Pois           0%         N/A       100%        4
 Sticky Flame             Conj/Fire      0%         2d3       100%        4
 Summon Lightning Spire   Summ/Air       0%         N/A       100%        4
 Agony                    Necr           0%         N/A       100%        5
 Alistair's Intoxication  Tmut/Pois      0%         N/A       100%        5
 Borgnjor's Vile Clutch   Necr/Erth      0%         N/A       100%        5
 Freezing Cloud           Conj/Ice/Air   0%         6-21      100%        5
 Lee's Rapid Deconstruct  Erth           0%         3d4*      100%        5
 Silence                  Hex/Air        0%         N/A       100%        5
 Dispersal                Tloc           0%         N/A       100%        6
 Eringya's Noxious Bog    Tmut/Pois      0%         4d6       100%        6
 Summon Cactus Giant      Summ           0%         N/A       100%        6
 Malign Gateway           Summ/Tloc      0%         N/A       100%        7
 Summon Horrible Things   Summ           0%         N/A       100%        8


Dungeon Overview and Level Annotations

Branches:
Dungeon (15/15)            Temple (1/1) D:4            Lair (5/5) D:10
  Swamp (4/4) Lair:2        Snake (4/4) Lair:3        Slime (0/5) Lair:4
    Orc (2/2) D:12            Elf (0/3) Orc:2        Vaults (2/5) D:14
 Depths (0/4) D:15          Sewer (visited)
  Crypt: Vaults:2-3

Altars:
Ashenzari
Cheibriados
Dithmenos
Fedhas
Gozag
Hepliaklqana
Kikubaaqudgha
Makhleb
Nemelex Xobeh
Okawaru
Qazlal
Ru
Sif Muna
Trog
Uskayaw
Vehumet
Wu Jian
Xom
Yredelemnul
Jiyva

Shops:
D:11 ?   D:12 ?   Orc:2 :[([[   Snake:1 ((   Vaults:2 (

Annotations:
D:4 1 runed translucent door, CraigForest's ghost, novice HOMo
D:9 3 runed translucent doors, Newt's ghost, journeyman BaFi
D:10 2 transporters
Swamp:4 exclusion: 3 oklob plants
Snake:4 2 transporters, hashsling's ghost, adept MiGl


Innate Abilities, Weirdness & Mutations

You have hoof-like feet.
You frequently emit foul miasma when damaged in melee.
You are partially covered in sharp spines.
When seriously injured, your blood forms very thick armour. (AC +12)


Message History

You block the deep troll's attack.
The vault sentinel blows a loud note on a signal horn!
You bludgeon the deep troll!!
The deep troll is moderately wounded.
You block the deep troll's attack. The deep troll misses you.
The deep troll closely misses you.
The deep troll bites you but does no damage.
You block the deep troll's attack.
The deep troll claws you but does no damage.
Strange energies crackle from the ironbound thunderhulk's apparatus.
The ironbound thunderhulk blinks!
The deep troll is struck by your spines.
The deep troll bites you! You block the deep troll's attack.
The deep troll claws you but does no damage.
You impale the deep troll!!
The deep troll is almost dead.
Electricity crackles from the ironbound thunderhulk's apparatus.
The bolt of lightning hits you!!
* * * LOW HITPOINT WARNING * * *
The deep troll closely misses you. You block the deep troll's attack. x2
You draw a card...
You have drawn the Elements.
Strange energies crackle from the ironbound thunderhulk's apparatus.
The ironbound thunderhulk blinks!
You block the deep troll's attack. x3
The vault sentinel blows a loud note on a signal horn!
You block the vault warden's attack.
You swap places.
Your shock serpent bites the deep troll!
The deep troll dies!
Strange energies crackle from the ironbound thunderhulk's apparatus.
The ironbound thunderhulk blinks!
The vault warden hits your ice dragon with a +2 dire flail of protection!!!
Your ice dragon bites the vault warden but does no damage.
Your ice dragon claws the vault warden but does no damage.
Your ice dragon tramples the vault warden but does no damage.
The runic seal fades away.
Your shock serpent barely misses the vault warden.
Electricity crackles from the ironbound thunderhulk's apparatus.
The bolt of lightning hits you!!
You die...
Your body glows with a rainbow of weird colours and disappears.

#......#......#
#......').....+
#......#......+
#......#......#
########......#
###+##########
#............#
#............#
#.@..........#
#########D...........#
......pTpD...........#
...<.O.p#S...........#
.......c##############
........# ........#
........# #########


You could see a vault warden (strong, distracted, ally target), an ironbound
thunderhulk (strong), a deep troll, an ironbound convoker, a yaktaur, a friendly
fire dragon (summoned), a friendly ice dragon (summoned) and a friendly shock
serpent (summoned).

Vanquished Creatures
  Jorgrun (Orc:2)
  A thorn hunter (Swamp:3)
  A sphinx (Vaults:1)
  2 nagarajas (Snake:4)
  An emperor scorpion (Vaults:1)
  2 vault wardens (Vaults:1)
  2 orc warlords
  Louise (D:15)
  An ironbound thunderhulk (Vaults:1)
  A war gargoyle (Vaults:1)
  2 vampire knights (Swamp:3)
  A quicksilver ooze (Swamp:4)
  4 ironbound preservers (Vaults:1)
  2 stone giants (Vaults:1)
  6 eleionomae
  A starflower (Swamp:4)
  3 dire elephants (Vaults:1)
  3 bunyips
  An ettin (Swamp:4)
  3 shambling mangroves
  An entropy weaver (Vaults:1)
  A yaktaur captain (Vaults:1)
  3 great orbs of eyes
  A radroach (Swamp:3)
  2 rakshasas (D:15)
  A ghost crab (Swamp:1)
  An ogre mage (Vaults:1)
  19 hydras
  14 anacondas
  5 vault guards
  2 boulder beetles
  A centaur warrior (Vaults:1)
  11 alligators
  A catoblepas (Lair:3)
  Erica (D:15)
  An ironbound frostheart (Vaults:1)
  A spriggan air mage (Swamp:4)
  4 two-headed ogres
  12 naga warriors
  3 tengu warriors (D:13)
  13 naga sharpshooters
  An orc high priest (Orc:2)
  Urug (D:11)
  6 death yaks
  14 shock serpents
  A death drake (Snake:3)
  3 skysharks (Lair:5)
  A sixfirhy (Abyss:2)
  3 salamander mystics
  2 flayed ghosts
  4 goliath frogs
  A large abomination (Abyss:2)
  7 spriggan druids
  3 swamp dragons
  12 deep trolls
  7 naga ritualists
  A glowing orange brain (D:15)
  4 bog bodies
  A phantasmal warrior (Swamp:3)
  6 spectral hydras (Swamp:4)
  3 wizards
  9 lindwurms
  Pikel (D:7)
  11 mana vipers
  4 deep elf pyromancers
  4 ironbound convokers (Vaults:1)
  4 orc knights
  2 orc sorcerers (D:14)
  4 ugly things
  A moth of wrath (Snake:3)
  A cyclops (D:15)
  3 manticores (D:14)
  A will-o-the-wisp (Swamp:3)
  10 salamanders
  7 elephants
  Maurice (D:11)
  8 guardian serpents
  A guardian serpent (shapeshifter) (D:12)
  3 gargoyles
  8 naga magi
  4 vault sentinels
  46 black mambas
  2 torpor snails
  A rime drake (shapeshifter) (D:15)
  2 unseen horrors (D:11)
  A storm dragon simulacrum (Abyss:2)
  29 cane toads
  4 yaktaurs
  A kobold demonologist (D:12)
  9 komodo dragons
  3 rime drakes
  An efreet (D:15)
  2 freezing wraiths
  A tengu conjurer (D:13)
  4 trolls
  A death drake zombie (Swamp:4)
  2 hydra zombies (Swamp:4)
  A polar bear (Lair:5)
  10 tyrant leeches
  11 hornets
  A hydra skeleton (Swamp:4)
  27 blink frogs
  4 dream sheep (Lair:2)
  20 slime creatures
  8 spriggans
  3 wraiths (D:11)
  5 wyverns
  33 yaks
  6 basilisks
  A chaos spawn (Abyss:2)
  3 steam dragons
  A golden eye (Vaults:1)
  3 redbacks
  5 wargs
  Menkaure (D:5)
  Edmund (D:4)
  An acid dragon (D:12)
  21 swamp worms
  27 vampire mosquitoes
  40 nagas
  A floating eye (Swamp:4)
  A swamp drake (Swamp:1)
  25 water moccasins
  34 orc warriors
  3 ice beasts
  2 sky beasts (D:7)
  2 black bears
  9 ogres
  A swamp dragon zombie (Swamp:4)
  A hornet zombie (D:7)
  A swamp dragon skeleton (Swamp:4)
  14 wolves
  8 boggarts
  3 centaurs
  2 lemures (D:7)
  A phantom (D:5)
  4 kobold brigands
  4 gnoll sergeants
  4 scorpions
  22 bullfrogs
  A wyvern zombie (D:7)
  4 necrophages (D:7)
  5 wights (D:7)
  2 killer bees (D:10)
  3 electric eels
  6 howler monkeys
  A bullfrog zombie (D:7)
  2 hounds (D:6)
  A human zombie (D:7)
  7 jellies
  Crazy Yiuf (D:5)
  3 gnoll boudas
  18 orc priests
  2 sleepcaps (D:5)
  5 iguanas
  28 orc wizards
  A killer bee zombie (D:7)
  2 howler monkey zombies (D:7)
  13 gnolls
  8 adders
  3 river rats
  2 shadow imps
  2 white imps
  An ufetubus (D:5)
  5 worms
  2 dart slugs (D:1)
  103 orcs
  7 bats
  16 endoplasms
  8 giant cockroaches
  3 goblins
  5 hobgoblins
  4 jackals (D:1)
  6 quokkas
  3 training dummies (Snake:1)
  12 ball pythons
  6 frilled lizards
  8 kobolds
  A rat (shapeshifter) (D:14)
  3 rats
1102 creatures vanquished.

Vanquished Creatures (collateral kills)
  A thorn hunter (Swamp:3)
  An eleionoma (Swamp:2)
  A fire dragon (Swamp:3)
  2 anacondas (Snake:4)
  An alligator snapping turtle (Swamp:3)
  A naga warrior (Snake:4)
  2 shock serpents
  A deep troll (Vaults:2)
  An orc knight (D:15)
  A mana viper (Snake:4)
  2 salamanders
  2 ugly things (D:15)
  A cyclops (Swamp:3)
  2 black mambas (Snake:4)
  3 guardian serpents (Snake:4)
  A freezing wraith (Swamp:3)
  A komodo dragon (Lair:1)
  A raiju (D:15)
  A tyrant leech (Lair:5)
  A wind drake (Swamp:3)
  2 nagas
  2 orc warriors (Orc:2)
  A killer bee (D:10)
  An orc wizard (Orc:2)
  5 gnolls
  An orc (Orc:2)
  An endoplasm (Sewer)
  A giant cockroach (Sewer)
  2 rats (Sewer)
43 creatures vanquished.

Vanquished Creatures (others)
  2 wizards
  A naga mage (Snake:1)
  A bloated husk (Swamp:2)
  Sigmund (D:4)
  A swamp worm (Swamp:2)
  A water moccasin (Lair:3)
  A black bear (D:10)
  An ogre (D:5)
  A killer bee (D:10)
  A gnoll (D:8)
  A river rat (Sewer)
  An orc (Orc:2)
  6 foxfires
19 creatures vanquished.

Grand Total: 1164 creatures vanquished

Notes
Turn   | Place    | Note
-------+----------+-------------------------------------------
     0 | D:1      | Shard1697 the Demonspawn Artificer began the quest for the
                  | Orb.
     0 | D:1      | Reached XP level 1. HP: 15/15 MP: 1/1
     1 | D:1      | Noticed an electric eel
   218 | D:1      | Reached skill level 1 in Maces & Flails
   397 | D:1      | Gained mutation: When seriously injured, your blood forms
                  | armour. (AC +12) [demonic ancestry]
   397 | D:1      | Reached XP level 2. HP: 17/21 MP: 2/2
  1159 | D:2      | Gained mutation: When seriously injured, your blood forms
                  | thick armour. (AC +12) [demonic ancestry]
  1159 | D:2      | Reached XP level 3. HP: 16/26 MP: 3/3
  1716 | D:2      | Reached XP level 4. HP: 27/32 MP: 4/4
  2036 | D:3      | Found a glowing drain.
  2108 | Sewer    | Entered a sewer
  2251 | Sewer    | Reached XP level 5. HP: 34/37 MP: 5/5
  2515 | Sewer    | Found a viscous altar of Jiyva.
  3062 | D:3      | Found an ornate altar of the Wu Jian Council.
  3481 | D:3      | Gained mutation: You are partially covered in sharp spines.
                  | [demonic ancestry]
  3481 | D:3      | Reached XP level 6. HP: 57/57 MP: 6/6
  3529 | D:4      | Found a staircase to the Ecumenical Temple.
  3541 | Temple   | Entered the Ecumenical Temple
  3578 | Temple   | Became a worshipper of Nemelex Xobeh the Trickster
  3744 | D:4      | Found a hide-covered altar of Uskayaw.
  3744 | D:4      | Noticed a +0 dagger
  3745 | D:4      | Noticed a +0 hand axe
  3985 | D:4      | Found a runed translucent door.
  3985 | D:4      | Noticed CraigForest's ghost (novice HOMo)
  4187 | D:4      | Noticed Sigmund
  4187 | D:4      | Noticed Edmund
  4203 | D:4      | Your ally Sigmund died
  4205 | D:4      | Killed Edmund
  4206 | D:4      | Reached skill level 1 in Invocations
  4206 | D:4      | Gained mutation: You have large cloven feet. [demonic
                  | ancestry]
  4206 | D:4      | Reached XP level 7. HP: 37/63 MP: 6/8
  4843 | D:5      | Entered Level 5 of the Dungeon
  4881 | D:5      | Noticed Menkaure
  4906 | D:5      | Killed Menkaure
  4933 | D:5      | Reached XP level 8. HP: 51/71 MP: 10/10
  5098 | D:5      | Noticed a gargoyle
  5123 | D:5      | Killed a gargoyle
  5334 | D:5      | Reached * piety under Nemelex Xobeh
  5432 | D:5      | Found a bloodstained altar of Trog.
  5572 | D:5      | Reached skill level 5 in Invocations
  5710 | D:5      | Gained mutation: You may rarely emit foul miasma when
                  | damaged in melee. [demonic ancestry]
  5710 | D:5      | Reached XP level 9. HP: 77/77 MP: 12/12
  5893 | D:5      | Found a runed translucent door.
  5894 | D:5      | Noticed Crazy Yiuf
  5962 | D:5      | Killed Crazy Yiuf
  6004 | D:5      | Found a blossoming altar of Fedhas.
  6259 | D:6      | Found a sacrificial altar of Ru.
  6260 | D:6      | Found a broken altar of Ashenzari.
  6261 | D:6      | Found an iron altar of Okawaru.
  6449 | D:6      | Reached skill level 10 in Maces & Flails
  6449 | D:6      | Reached skill level 1 in Shields
  6623 | D:6      | Received a gift from Nemelex Xobeh
  6977 | D:7      | Found a shimmering altar of Xom.
  7503 | D:7      | Noticed Pikel
  7516 | D:7      | Killed Pikel
  7517 | D:7      | Reached skill level 10 in Fighting
  7557 | D:7      | Found a radiant altar of Vehumet.
  7580 | D:7      | Gained mutation: You have hoof-like feet. [demonic
                  | ancestry]
  7580 | D:7      | Reached XP level 10. HP: 85/85 MP: 13/15
  7597 | D:7      | Found a basalt altar of Yredelemnul.
  8010 | D:8      | Noticed a two-headed ogre
  8017 | D:8      | Killed a two-headed ogre
  8155 | D:8      | Identified the +8 falchion of Annoyance {protect, +Blink}
  8275 | D:8      | Reached ** piety under Nemelex Xobeh
  8697 | D:9      | Found a runed translucent gate.
  8697 | D:9      | Found a runed translucent gate.
  8791 | D:9      | Noticed a two-headed ogre
  8800 | D:9      | Killed a two-headed ogre
  9614 | D:9      | Found a runed translucent gate.
  9615 | D:9      | Noticed a spectral centaur warrior
  9619 | D:9      | Noticed Newt's ghost (journeyman BaFi)
  9707 | D:10     | Entered Level 10 of the Dungeon
 10016 | D:10     | Noticed a death yak
 10016 | D:10     | Noticed an elephant
 10017 | D:10     | Found a staircase to the Lair.
 10036 | D:10     | Killed a death yak
 10042 | D:10     | Killed an elephant
 10094 | D:10     | Reached skill level 5 in Shields
 10094 | D:10     | Gained mutation: When seriously injured, your blood forms
                  | very thick armour. (AC +12) [demonic ancestry]
 10094 | D:10     | Reached XP level 11. HP: 90/90 MP: 17/17
 10158 | D:10     | Found a corrupted altar of Lugonu.
 10158 | D:10     | Noticed an entropy weaver
 10176 | D:10     | Reached *** piety under Nemelex Xobeh
 10192 | D:10     | Received a gift from Nemelex Xobeh
 10568 | D:10     | Noticed a two-headed ogre
 10573 | D:10     | Killed a two-headed ogre
 10601 | D:10     | Found a transporter.
 10603 | D:10     | Noticed a cyan ugly thing
 10603 | D:10     | Noticed a quicksilver ooze
 10604 | D:10     | Found a transporter.
 10604 | D:10     | Noticed a green ugly thing
 10914 | D:11     | Noticed Urug
 10939 | D:11     | Killed Urug
 11047 | D:11     | Noticed a deep elf pyromancer
 11057 | D:11     | Killed a deep elf pyromancer
 11281 | D:11     | Reached skill level 10 in Invocations
 11377 | D:11     | Noticed a two-headed ogre
 11639 | D:11     | Noticed Maurice
 11652 | D:11     | Killed Maurice
 11836 | D:11     | Received a gift from Nemelex Xobeh
 11982 | D:11     | Found Focakhio's Magic Scroll Shop.
 11990 | D:11     | Bought a scroll of revelation for 82 gold pieces
 11990 | D:11     | Bought a scroll of identify for 22 gold pieces
 11990 | D:11     | Bought a scroll of identify for 22 gold pieces
 11990 | D:11     | Bought a scroll of identify for 22 gold pieces
 11991 | D:11     | Bought a scroll of teleportation for 33 gold pieces
 11991 | D:11     | Bought a scroll of revelation for 82 gold pieces
 12164 | Lair:1   | Entered Level 1 of the Lair of Beasts
 12203 | D:10     | Reached skill level 5 in Armour
 12286 | Lair:1   | Reached XP level 12. HP: 66/97 MP: 19/19
 12996 | Lair:1   | Received a gift from Nemelex Xobeh
 13330 | Lair:1   | Reached **** piety under Nemelex Xobeh
 13661 | Lair:2   | Noticed a death yak
 13666 | Lair:2   | Noticed a death yak
 13668 | Lair:2   | Noticed a death yak
 13668 | Lair:2   | Noticed a death yak
 13671 | Lair:2   | Noticed a death yak
 13829 | Lair:2   | Noticed a five-headed hydra
 13829 | Lair:2   | Found a staircase to the Swamp.
 13840 | Lair:1   | Killed a five-headed hydra
 14549 | Lair:2   | Received a gift from Nemelex Xobeh
 14651 | Lair:2   | Reached XP level 13. HP: 92/103 MP: 20/20
 15624 | Lair:3   | Noticed Sonja
 15625 | Lair:3   | Sonja changed into Sonja the blink frog
 15625 | Lair:3   | Noticed Sonja
 15637 | Lair:3   | Killed Sonja the blink frog
 15762 | Lair:3   | Received a gift from Nemelex Xobeh
 15881 | Lair:3   | Found a staircase to the Snake Pit.
 16250 | Lair:4   | Reached ***** piety under Nemelex Xobeh
 16384 | Lair:4   | Found a staircase to the Slime Pits.
 16422 | Lair:4   | Found a viscous altar of Jiyva.
 16456 | Lair:4   | Received a gift from Nemelex Xobeh
 16534 | Lair:4   | Reached skill level 10 in Armour
 17296 | Lair:5   | Entered Level 5 of the Lair of Beasts
 17422 | Lair:4   | Reached skill level 1 in Dodging
 17422 | Lair:4   | Reached skill level 1 in Stealth
 17769 | Lair:5   | Reached XP level 14. HP: 110/110 MP: 21/21
 17770 | Lair:5   | Received a gift from Nemelex Xobeh
 18743 | Lair:5   | Reached skill level 5 in Dodging
 18813 | Lair:5   | Received a gift from Nemelex Xobeh
 18908 | Lair:5   | Reached skill level 10 in Shields
 19211 | Lair:5   | Received a gift from Nemelex Xobeh
 19459 | Lair:5   | Found the macabre finger necklace {Finger+ rN+}
 19918 | D:12     | Found a staircase to the Orcish Mines.
 20027 | D:12     | Received a gift from Nemelex Xobeh
 20281 | D:12     | Received a gift from Nemelex Xobeh
 20524 | D:12     | Found Qiorraul's Magic Scroll Boutique.
 20527 | D:12     | Bought a scroll of enchant weapon for 105 gold pieces
 20527 | D:12     | Bought a scroll of blinking for 105 gold pieces
 20623 | Orc:1    | Entered Level 1 of the Orcish Mines
 20626 | Orc:1    | Noticed an orc warlord
 20828 | D:12     | Killed an orc warlord
 21149 | Orc:2    | Entered Level 2 of the Orcish Mines
 21288 | Orc:2    | Found Vumein's Antique Armour Shop.
 21303 | Orc:2    | Noticed Jorgrun
 21331 | Orc:2    | Killed Jorgrun
 21332 | Orc:2    | Reached skill level 5 in Stealth
 21372 | Orc:2    | Bought a smoking scale mail for 261 gold pieces
 21372 | Orc:2    | Identified the +1 scale mail of Marbles {Stlth+} (You
                  | bought it in a shop on level 2 of the Orcish Mines)
 21584 | Orc:2    | Found Gatonnoe's Book Boutique.
 21716 | Orc:2    | Received a gift from Nemelex Xobeh
 21808 | Orc:2    | Found a staircase to the Elven Halls.
 21865 | Orc:2    | Reached ****** piety under Nemelex Xobeh
 21942 | Orc:2    | Received a gift from Nemelex Xobeh
 21971 | Orc:2    | Found Jaanizih's Antique Armour Shoppe.
 21991 | Orc:2    | Bought a pair of embroidered gloves for 165 gold pieces
 22007 | Orc:2    | Bought a runed plate armour for 572 gold pieces
 22730 | Orc:2    | Noticed an orc warlord
 22752 | Orc:2    | Killed an orc warlord
 22783 | Orc:2    | Found Pabry's Antique Weapon Shoppe.
 22786 | Orc:2    | Found Cuilor's Antique Armour Emporium.
 23594 | D:13     | Received a gift from Nemelex Xobeh
 23658 | D:13     | Reached XP level 15. HP: 111/115 MP: 23/23
 24495 | D:14     | Received a gift from Nemelex Xobeh
 24990 | D:14     | Found a gate to the Vaults.
 25076 | D:14     | Identified the +2 scale mail of Marunum {rPois Regen+ MP+9}
 25238 | D:15     | Entered Level 15 of the Dungeon
 25394 | D:15     | Received a gift from Nemelex Xobeh
 25431 | D:15     | Noticed Louise
 25431 | D:15     | Noticed Erica
 25432 | D:15     | Killed Erica
 25432 | D:15     | Killed Louise
 25468 | Abyss:2  | Cast into level 2 of the Abyss (a wizard)
 25490 | Abyss:2  | Found a corrupted altar of Lugonu.
 25564 | Abyss:2  | Found a corrupted altar of Lugonu.
 25620 | D:15     | Escaped the Abyss
 25868 | D:15     | Received a gift from Nemelex Xobeh
 26083 | D:15     | Received a gift from Nemelex Xobeh
 26635 | D:15     | Found a staircase to the Depths.
 27130 | Snake:1  | Entered Level 1 of the Snake Pit
 27344 | Snake:1  | Received a gift from Nemelex Xobeh
 27345 | Snake:1  | Found Unoggyf's Antique Weapon Emporium.
 27408 | Snake:1  | Identified the +5 chain mail of the Soldier {rCorr}
 27820 | Orc:2    | Bought the +1 cloak of Starlight {*Dazzle EV+4 Stlth--} for
                  | 701 gold pieces
 27820 | Orc:2    | Found the +1 cloak of Starlight {*Dazzle EV+4 Stlth--}
 28285 | Snake:1  | Received a gift from Nemelex Xobeh
 28418 | Snake:1  | Found Quckumoph's Firing Range.
 28586 | Snake:1  | Gained mutation: You sometimes emit foul miasma when
                  | damaged in melee. [demonic ancestry]
 28586 | Snake:1  | Reached XP level 16. HP: 123/123 MP: 25/25
 29640 | Snake:2  | Received a gift from Nemelex Xobeh
 30072 | Snake:2  | Reached skill level 15 in Maces & Flails
 30573 | Snake:3  | Identified the +1 spear of a Million Princes {antimagic,
                  | Stlth+}
 31148 | Snake:3  | Received a gift from Nemelex Xobeh
 31328 | Snake:3  | Identified the +9 long sword of Dissolution {flame, Drain
                  | rElec rN++ Will+}
 31800 | Snake:3  | Received a gift from Nemelex Xobeh
 32253 | Snake:4  | Entered Level 4 of the Snake Pit
 32253 | Snake:4  | Found a transporter.
 32438 | Snake:4  | Found a transporter.
 32441 | Snake:4  | Noticed hashsling's ghost (adept MiGl)
 32832 | Snake:4  | Received a gift from Nemelex Xobeh
 33345 | Snake:4  | Gained mutation: You frequently emit foul miasma when
                  | damaged in melee. [demonic ancestry]
 33345 | Snake:4  | Reached XP level 17. HP: 85/132 MP: 27/27
 34516 | Snake:4  | Reached skill level 15 in Invocations
 34522 | Snake:4  | Identified the +0 hand axe of False Accusations {venom,
                  | MP+9 Dex+3}
 34774 | Snake:4  | Got a serpentine rune of Zot
 35026 | Swamp:1  | Entered Level 1 of the Swamp
 36367 | Swamp:2  | Received a gift from Nemelex Xobeh
 37299 | Swamp:3  | Identified the +4 kite shield of Yddi {Int+2}
 37420 | Swamp:3  | Received a gift from Nemelex Xobeh
 38125 | Swamp:3  | Reached skill level 15 in Shields
 38287 | Swamp:3  | Received a gift from Nemelex Xobeh
 38551 | Swamp:4  | Entered Level 4 of the Swamp
 38609 | Swamp:4  | Reached XP level 18. HP: 137/142 MP: 20/30
 38612 | Swamp:3  | Identified the +1 long sword "Ubofoi" {freeze, rPois}
 40067 | Swamp:4  | Found a blossoming altar of Fedhas.
 40665 | Swamp:4  | Found a basalt altar of Yredelemnul.
 40684 | Swamp:4  | Got a decaying rune of Zot
 40931 | Vaults:1 | Entered Level 1 of the Vaults
 41038 | Vaults:1 | Reached skill level 5 in Evocations
 41064 | Vaults:1 | Paralysed by a sphinx for 2 turns
 41769 | Vaults:1 | Identified the +1 spear "Kotow" {elec, Str+5 Int-4}
 41904 | Vaults:1 | Received a gift from Nemelex Xobeh
 42004 | Vaults:1 | Paralysed by a great orb of eyes for 5 turns
 42783 | Vaults:2 | Found Yseixead's Weapon Shoppe.
 43104 | Vaults:2 | Killed from afar by an ironbound thunderhulk

Illustrated notes

Levels and vault maps discovered:
D:1:      arrival_aquarium_a, layout_basic
D:2:      layout_basic, minmay_heptomino_o4
D:3:      layout_basic, nicolae_wu_jian_wuxing_cycle, portal_sewer_entry_c,
          minmay_misc_feat_rugged
D:4:      layout_basic, dancing_weapons_uskayaw, minmay_temple_entry_waves,
          gammafunk_ghost_grave, sigmund_edmund_badplayer
D:5:      cheibrodos_fzero, layout_loops_ring, mainiacjoe_overflow_alcove_4,
          trog_three_pillars_becter, minmay_joined_circles, uniq_menkaure,
          uniq_crazy_yiuf_cottage, uniq_edmund
D:6:      layout_loops_ring, chequers_temple_overflow_statue_of_worship,
          minmay_crystal_room
D:7:      layout_loops_cross, mainiacjoe_overflow_concentric_impassable,
          overflow_temple_1_default, lemuel_mausoleum_altar_yredelemnul,
          uniq_pikel
D:8:      layout_loops_ring, chequers_serial_rivers_marsh
D:9:      layout_basic, gammafunk_ghost_necromancy, nicolae_underground_beach
D:10:     gammafunk_corrupted_shrine, layout_long_grid, david_lair_generic
D:11:     layout_basic, serial_shops, shop, grunt_potential, uniq_urug,
          uniq_maurice
D:12:     layout_stronghold, david_orc_1_choice, serial_shops,
          nicolae_shop_rolled_up, kennysheep_generic_room_13
D:13:     layout_roguey, serial_aquarium, aquarium_bridge_square
          [aquarium_subvault_bridge, aquarium_subvault_window,
          aquarium_subvault_wall, aquarium_subvault_window], aquarium_window_2,
          aquarium_window_corridor_2, aquarium_window_corner, aquarium_view_2f,
          aquarium_view_2a, aquarium_balcony_5b
D:14:     layout_irregular_city, grunt_vaults_entry_fortified,
          minmay_misc_feat_diagonals
D:15:     gammafunk_enter_depths_forms, layout_grid_maze, minmay_misc_feat_rows,
          chequers_garden, sword_in_stone
Temple:   minmay_temple_curvy_loop
Lair:1:   layout_chaotic_city
Lair:2:   layout_chaotic_city, minmay_swamp_entry_reptiles
Lair:3:   layout_hall_layers, minmay_snake_entry_six_corridors, uniq_sonja
Lair:4:   layout_regular_city, nicolae_slime_entry_field_trip
Lair:5:   minmay_lair_end_frog_pond, layout_cave_pods, nicolae_lair_lindhole
Swamp:1:  layout_falls_marsh, nicolae_swamp_oxbows
Swamp:2:  layout_basic_swamp, infiniplex_staircase_pool_2
Swamp:3:  layout_basic_swamp, serial_swamp_ruin, evilmike_swamp_ruin_rubble_2,
          evilmike_swamp_ruin_house_2, evilmike_swamp_ruin_house_6,
          hangedman_swamp_grove
Swamp:4:  byrel_swamp_growth_death_and_undeath, layout_basic_swamp
Snake:1:  layout_basic, serial_shops, nicolae_shop_just_a_little_nook,
          nicolae_snake_single_loop, nicolae_shop_firing_range
Snake:2:  layout_cave_shapes, nicolae_integral_box
Snake:3:  layout_onion, corexii_hall_statues_s, grunt_megastairs_1
Snake:4:  snake_pit_salamanders_mu, layout_basic,
          gammafunk_ghost_berserking_beasts
Orc:1:    layout_caves
Orc:2:    grunt_orc_community_town_hall, layout_diamond_mine,
          grunt_orc_community_big_house_1, grunt_orc_community_big_house_2,
          grunt_orc_community_house_1, grunt_orc_community_house_1,
          grunt_orc_community_house_3, grunt_orc_community_house_2,
          serial_shops, shop, uniq_jorgrun
Vaults:1: nicolae_vaults_storing_the_good_stuff, vaults_dpeg_cross,
          nicolae_vaults_closet_pinwheel_3, nicolae_vaults_little_squares_4,
          v_misc_23, v_misc_29, nicolae_vaults_closet_pinwheel_4, v_pattern_2,
          nicolae_vaults_yaktaur_gun_rack, nicolae_vaults_little_squares_1,
          layout_vaults_omnibox, serial_glass
Vaults:2: nicolae_vaults_network_square, nicolae_vaults_closet_pinwheel_6,
          nicolae_vaults_door_testing_chamber, minmay_crypt_entry_simple_sparse,
          nicolae_vaults_diamond_2, vaults_mumra_minichess_inversion,
          nicolae_vaults_meiosis, nicolae_vaults_trapezoid_layered,
          nicolae_vaults_three_branches, nicolae_vaults_little_squares_1,
          hangedman_vaults_stretched_pinwheel, v_misc_17,
          layout_vaults_maze_bifur, serial_shops,
          nicolae_shop_bloodbath_and_beyond

Skill      XL: |  1  2  3  4  5  6  7  8  9 10 11 12 13 14 15 16 17 18 |
---------------+-------------------------------------------------------+-----
Maces & Flails | 1 2 3 4 9 10 11 12 13 14 15 16 | 16.0
Fighting       | 8 9 10 11 12 13 | 13.2
Invocations    | 1 3 5 6 8 10 11 12 14 16 | 16.6
Shields        | 2 5 6 7 9 10 11 13 15 | 15.6
Armour         | 5 7 10 11 | 11.0
Dodging        | 2 7 9 |  9.5
Stealth        | 2 5 6 |  6.0
Evocations     | 9 |  9.7

Action                     |  1- 3 |  4- 6 |  7- 9 | 10-12 | 13-15 | 16-18 || total
---------------------------+-------+-------+-------+-------+-------+-------++-------
  Melee: Club              |   245 |    22 |       |       |       |       ||   267
         Punch             |     2 |     1 |     3 |       |       |       ||     6
         Whip              |       |   200 |       |       |       |       ||   200
         Flail             |       |     6 |   238 |   555 |  1842 |  2050 ||  4691
         Kick              |       |       |    76 |   128 |       |       ||   204
         Morningstar       |       |       |       |       |       |    13 ||    13
 Invoke: Draw Destruction  |       |       |       |     2 |    12 |    37 ||    51
         Draw Summoning    |       |       |       |     1 |     6 |    13 ||    20
         Draw Escape       |       |       |       |       |     2 |     5 ||     7
         Deal Four         |       |       |       |       |       |     3 ||     3
  Evoke: Wand              |       |    13 |     3 |    19 |    10 |     5 ||    50
         Lightning rod     |       |       |       |       |       |     4 ||     4
    Use: Scroll            |       |     6 |    19 |     2 |     4 |    14 ||    45
         Potion            |       |     1 |     2 |     2 |     3 |    15 ||    23
   Stab: Sleeping          |     3 |     1 |       |       |     3 |       ||     7
         Petrifying        |       |       |       |     1 |       |       ||     1
         Distracted        |       |       |       |       |     3 |       ||     3
         Invisible         |       |       |       |       |     9 |    49 ||    58
         Paralysed         |       |       |       |       |       |     4 ||     4
 Armour: Leather armour    |    96 |       |       |       |       |       ||    96
         Ring mail         |    37 |   113 |    18 |   146 |   297 |       ||   611
         Chain mail        |       |       |    91 |    75 |   122 |       ||   288
         Plate armour      |       |       |       |       |   352 |  1134 ||  1486
  Dodge: Dodged            |   190 |   129 |    53 |   147 |   584 |  1025 ||  2128
  Block: Kite shield       |       |       |    48 |   327 |  1056 |       ||  1431
         Tower shield      |       |       |       |       |   154 |  2384 ||  2538

Table legend: (Time is in decaauts)
 A = Elapsed time spent in this place.
 B = Non-inter-level travel time spent in this place.
 C = Inter-level travel time spent in this place.
 D = Time resting spent in this place.
 E = Time spent auto-exploring this place.
 F = Levels seen in this place.
 G = Mean time per level.
                   A        B        C        D        E       F      G
               +--------+--------+--------+--------+--------+-----+--------+
         Total |  42955 |  39982 |   2973 |   7402 |  22635 |  35 | 1227.3 |
       Dungeon |  17124 |  16110 |   1014 |   1399 |  11340 |  15 | 1141.6 |
        Temple |     48 |     38 |     10 |      0 |      0 |   1 |   48.0 |
          Lair |   7995 |   7393 |    602 |   1919 |   3658 |   5 | 1599.0 |
         Swamp |   5187 |   4984 |    203 |   1692 |   1995 |   4 | 1296.8 |
     Snake Pit |   7676 |   6870 |    806 |   1494 |   3649 |   4 | 1919.0 |
  Orcish Mines |   2098 |   1797 |    301 |    269 |    850 |   2 | 1049.0 |
        Vaults |   2126 |   2091 |     35 |    505 |   1022 |   2 | 1063.0 |
         Abyss |    146 |    146 |      0 |      0 |      0 |   1 |  146.0 |
         Sewer |    551 |    551 |      0 |    124 |    119 |   1 |  551.0 |
               +--------+--------+--------+--------+--------+-----+--------+

Top non-repeatable levels by time:
 Snake:4: 2540 daAuts
 Swamp:3: 2444 daAuts
 Snake:3: 1989 daAuts
  Lair:5: 1939 daAuts
  Lair:2: 1845 daAuts
   Orc:2: 1784 daAuts
Vaults:1: 1761 daAuts
 Snake:1: 1650 daAuts
  Lair:4: 1640 daAuts
  Lair:1: 1593 daAuts
    D:11: 1536 daAuts
    D:12: 1522 daAuts
 Snake:2: 1496 daAuts
    D:10: 1369 daAuts
    D:15: 1368 daAuts
